 Dungeon Sprint DCSS version 0.29-a0-892-g2c4c91d9db (webtiles) character file.

Game seed: 16378657277687746082

22458 mhtbhm the Bludgeoner (level 13, -4/93 HPs)
             Began as a Gargoyle Fighter on July 23, 2022.
             Was the Champion of Makhleb.
             Slain by an Executioner (16 damage)
             ... summoned by the player character
             ... in the Dungeon (Sprint IX: "|||||||||||||||||||||||||||||").
             The game lasted 00:09:59 (3462 turns).

mhtbhm the Bludgeoner (Gargoyle Fighter)            Turns: 3462, Time: 00:10:00

Health: -4/93      AC: 40    Str: 25    XL:     13   Next: 0%
Magic:  24/24      EV:  8    Int:  9    God:    Makhleb [******]
Gold:   904        SH:  7    Dex:  9    Spells: 12/12 levels left

rFire   . . .      SeeInvis .   m - +2 morningstar (protect)
rCold   + + .      Faith    .   c - +0 buckler
rNeg    + . .      Spirit   .   b - +2 plate armour {rC+}
rPois   ∞          Reflect  .   y - +0 helmet
rElec   +          Harm     .   C - +2 cloak {rCorr}
rCorr   +          Rampage  .   l - +0 pair of gloves
Will    .....      NoTele   +   n - +1 pair of boots
Stlth   ..........              (no amulet)
HPRegen 0.25/turn               G - ring of protection from cold
MPRegen 0.19/turn               o - +2 ring of protection

@: hasted, very quick
A: sickness immunity, AC +9, negative energy resistance 1, electricity
resistance, torment resistance 1, petrification resistance
a: Renounce Religion, Minor Destruction, Lesser Servant of Makhleb, Major
Destruction, Greater Servant of Makhleb


You were in the Dungeon.
You worshipped Makhleb.
Makhleb was exalted by your worship.
You visited 1 branch You collected 1939 gold pieces.
You spent 1035 gold pieces at shops.

Inventory:

Hand Weapons
 m - a +2 morningstar of protection (weapon)
Armour
 b - a +2 plate armour of cold resistance (worn)
 c - a +0 buckler (worn)
 l - a +0 pair of gloves (worn)
 n - a +1 pair of boots (worn)
 y - a +0 helmet (worn)
 C - a +2 cloak of preservation (worn)
Jewellery
 o - a +2 ring of protection (right hand)
 F - a ring of fire
 G - a ring of protection from cold (left hand)
Wands
 k - a wand of roots (7)
 t - a wand of flame (15)
 u - a wand of paralysis (1)
Scrolls
 i - 2 scrolls of amnesia
 j - 2 scrolls of blinking
 v - a scroll of identify
 w - 4 scrolls of enchant armour
 x - 3 scrolls of enchant weapon
 B - 2 scrolls of poison
Potions
 d - 2 potions of invisibility
 e - 5 potions of curing
 f - a potion of heal wounds
 h - 4 potions of magic
 p - 2 potions of might
 q - a potion of resistance
 r - 2 potions of brilliance
 s - a potion of mutation
 D - 2 potions of lignification {unknown}
Miscellaneous
 A - a lightning rod (1/4)


   Skills:
 + Level 15.8 Fighting
 + Level 18.0 Maces & Flails
 + Level 15.4 Armour
 + Level 3.5 Dodging
 + Level 1.2 Stealth
 + Level 13.8 Shields
 * Level 15.1 Invocations
 + Level 7.2 Evocations


You had 12 spell levels left.
You didn't know any spells.
Your spell library contained the following spells:

 Spells                   Type           Power      Damage    Failure   Level
 Foxfire                  Conj/Fire      0%         2x1d4     98%         1
 Scorch                   Fire           0%         2d5       99%         2
 Iskenderun's Battlesphe  Conj           0%         2d6       100%        5
 Iron Shot                Conj/Erth      0%         9d1       100%        6
 Spellforged Servitor     Conj/Summ      0%         N/A       100%        7
 Ignition                 Fire           0%         3d3       100%        8


Dungeon Overview and Level Annotations

Branches:
Dungeon (1/1)

Altars:
Cheibriados
Dithmenos
Elyvilon
Fedhas
Gozag
Hepliaklqana
Kikubaaqudgha
Makhleb
Nemelex Xobeh
Okawaru
Qazlal
Ru
Sif Muna
Trog
Uskayaw
Vehumet
Wu Jian
Xom
Yredelemnul
Zin
The Shining One
Jiyva
Lugonu

Shops:
D [(:*


Innate Abilities, Weirdness & Mutations

You are immune to sickness and miasma.
Your stone body is resilient. (AC +9)
You are immune to poison.
You resist negative energy. (rN+)
You are resistant to electric shocks. (rElec)
You are resistant to unholy torment.
You are immune to petrification.


Message History

Press: ? - help, Dir - move target
As you read the scroll of blinking, it crumbles to dust.
You are covered in liquid flames!
* * * LOW HITPOINT WARNING * * *
You are no longer on fire.
Unknown command.
Things that are here:
a +0 pair of boots; a +0 plate armour
Aiming: Major Destruction (0% risk of failure)
Press: ? - help, Shift-Dir - straight line, f - tengu warrior
Aim: a tengu warrior, wielding a +0 battleaxe and wearing a +0 leather armour (almost dead)
You hear a mighty clap of thunder!
The bolt of lightning misses the tengu warrior.
Unknown command.
A demon appears!
It doesn't seem very happy.
Unknown command.
Blink to where?
Press: ? - help, Dir - move target, p - tengu warrior
As you read the scroll of blinking, it crumbles to dust.
Blink to where?
Press: ? - help, Dir - move target
As you read the scroll of blinking, it crumbles to dust.
Okay, then.
You see here a +0 vorpal long sword.
You see here a +3 dire flail.
Things that are here:
a +3 ring of intelligence; a ring of ice; a ring of fire Blink to where?
Press: ? - help, Dir - move target
As you read the scroll of blinking, it crumbles to dust.
You feel yourself speed up.
Okay, then.
Blink to where?
Press: ? - help, Dir - move target
As you read the scroll of blinking, it crumbles to dust.
The Executioner gestures.
The Executioner seems to speed up.
The Executioner hits you!
You die...

.................................
▓▓▓▓▓▓▓▓▓▓▓▓▓▓▓▓▓▓▓▓▓▓▓▓▓▓▓▓▓▓▓▓▓
....†.†.......'÷........'†.......
▓▓▓▓▓▓▓▓▓▓▓▓▓▓▓▓▓▓▓▓▓▓▓▓▓▓▓▓▓▓▓▓▓
...........................)....[
▓▓▓▓▓▓▓▓▓▓▓▓▓▓▓▓▓▓▓▓▓▓▓▓▓▓▓▓▓▓▓▓▓
))))..)...'))))))......'))...∩.∩.
▓▓▓▓▓▓▓▓▓▓▓▓▓▓▓▓▓▓▓▓▓▓▓▓▓▓▓▓▓▓▓▓▓
...............1@................
▓▓▓▓▓▓▓▓▓▓▓▓▓▓▓▓▓▓▓▓▓▓▓▓▓▓▓▓▓▓▓▓▓
)))))).[[[[[[[1.1.Q.uT)..'uTDuC..
▓▓▓▓▓▓▓▓▓▓▓▓▓▓▓▓▓▓▓▓▓▓▓▓▓▓▓▓▓▓▓▓▓


You could see an Executioner (summoned, fast).

Vanquished Creatures
  A very ugly thing (D)
  4 hydras (D)
  Erolcha (D)
  A centaur warrior (D)
  A death yak (D)
  A tengu warrior (D)
  6 orc high priests (D)
  8 orc knights (D)
  3 lindwurms (D)
  A deep elf pyromancer (D)
  2 ugly things (D)
  A cyclops (D)
  A manticore (D)
  3 black mambas (D)
  Joseph (D)
  A kobold demonologist (D)
  5 komodo dragons (D)
  2 tyrant leeches (D)
  2 slime creatures (D)
  A wraith (D)
  3 yaks (D)
  A wyvern (D)
  A steam dragon (D)
  A basilisk (D)
  3 water moccasins (D)
  An acid dragon (D)
  10 orc warriors (D)
  A black bear (D)
  A centaur (D)
  2 phantoms (D)
  A bullfrog (D)
  A gnoll sergeant (D)
  2 scorpions (D)
  3 orc priests (D)
  A gnoll bouda (D)
  4 orc wizards (D)
  3 worms (D)
  7 orcs (D)
  2 endoplasms (D)
  A goblin (D)
  A bat (D)
  A rat (D)
97 creatures vanquished.

Vanquished Creatures (others)
  Maurice (D)
1 creature vanquished.

Grand Total: 98 creatures vanquished

Notes
Turn   | Place    | Note
-------+----------+-------------------------------------------
     0 | D        | mhtbhm the Gargoyle Fighter began the quest for the Orb.
     0 | D        | Reached XP level 1. HP: 14/14 MP: 1/1
    83 | D        | Noticed a phantom
    83 | D        | Noticed a black bear
    83 | D        | Noticed a phantom
    83 | D        | Noticed a scorpion
    83 | D        | Noticed a scorpion
   101 | D        | Killed a phantom
   102 | D        | Reached skill level 5 in Fighting
   102 | D        | Reached skill level 3 in Maces & Flails
   102 | D        | Reached skill level 5 in Armour
   102 | D        | Reached skill level 5 in Shields
   102 | D        | Reached XP level 2. HP: 17/22 MP: 2/2
   102 | D        | Reached XP level 3. HP: 22/27 MP: 3/3
   102 | D        | Reached XP level 4. HP: 26/32 MP: 4/4
   105 | D        | Killed a black bear
   106 | D        | Reached skill level 4 in Maces & Flails
   106 | D        | Reached XP level 5. HP: 38/38 MP: 5/5
   110 | D        | Killed a phantom
   111 | D        | Reached skill level 5 in Maces & Flails
   111 | D        | Reached skill level 1 in Dodging
   111 | D        | Reached XP level 6. HP: 44/44 MP: 6/6
   115 | D        | Reached skill level 6 in Maces & Flails
   126 | D        | Found a snail-covered altar of Cheibriados.
   126 | D        | Found a shadowy altar of Dithmenos.
   126 | D        | Found a white marble altar of Elyvilon.
   126 | D        | Found a blossoming altar of Fedhas.
   126 | D        | Found an opulent altar of Gozag.
   127 | D        | Found a hazy altar of Hepliaklqana.
   128 | D        | Found a viscous altar of Jiyva.
   129 | D        | Found an ancient bone altar of Kikubaaqudgha.
   130 | D        | Found a corrupted altar of Lugonu.
   131 | D        | Found a burning altar of Makhleb.
   132 | D        | Found a sparkling altar of Nemelex Xobeh.
   133 | D        | Found an iron altar of Okawaru.
   134 | D        | Found a stormy altar of Qazlal.
   135 | D        | Found a sacrificial altar of Ru.
   136 | D        | Found a shimmering blue altar of Sif Muna.
   137 | D        | Found a bloodstained altar of Trog.
   138 | D        | Found a hide-covered altar of Uskayaw.
   139 | D        | Found a radiant altar of Vehumet.
   141 | D        | Became a worshipper of Makhleb the Destroyer
   143 | D        | Found an ornate altar of the Wu Jian Council.
   144 | D        | Found a shimmering altar of Xom.
   152 | D        | Found a basalt altar of Yredelemnul.
   168 | D        | Found a glowing silver altar of Zin.
   169 | D        | Found a glowing golden altar of the Shining One.
   234 | D        | Noticed a yak
   234 | D        | Noticed a steam dragon
   234 | D        | Noticed a yak
   240 | D        | Reached skill level 1 in Invocations
   248 | D        | Killed a yak
   249 | D        | Reached skill level 7 in Maces & Flails
   249 | D        | Reached XP level 7. HP: 30/50 MP: 7/9
   416 | D        | Killed a steam dragon
   416 | D        | Reached * piety under Makhleb
   425 | D        | Killed a yak
   426 | D        | Reached skill level 8 in Maces & Flails
   432 | D        | Reached XP level 8. HP: 40/56 MP: 9/11
   435 | D        | Reached ** piety under Makhleb
   521 | D        | Noticed a wraith
   521 | D        | Noticed a centaur warrior
   521 | D        | Noticed a slime creature
   521 | D        | Noticed a kobold demonologist
   521 | D        | Noticed a manticore
   525 | D        | Killed a wraith
   526 | D        | Reached skill level 9 in Maces & Flails
   526 | D        | Reached skill level 10 in Shields
   526 | D        | Reached skill level 5 in Invocations
   531 | D        | Killed a centaur warrior
   532 | D        | Reached skill level 10 in Fighting
   532 | D        | Reached skill level 10 in Maces & Flails
   532 | D        | Reached skill level 10 in Armour
   532 | D        | Reached XP level 9. HP: 48/62 MP: 12/14
   537 | D        | Reached skill level 11 in Maces & Flails
   551 | D        | Killed a kobold demonologist
   551 | D        | Reached *** piety under Makhleb
   558 | D        | Killed a manticore
   559 | D        | Reached skill level 12 in Maces & Flails
   559 | D        | Reached skill level 1 in Evocations
   862 | D        | Noticed a komodo dragon
   862 | D        | Noticed a komodo dragon
   865 | D        | Reached **** piety under Makhleb
   866 | D        | Killed a komodo dragon
   867 | D        | Reached skill level 1 in Stealth
   867 | D        | Reached XP level 10. HP: 69/69 MP: 16/16
   873 | D        | Reached skill level 13 in Maces & Flails
   873 | D        | Noticed a death yak
   878 | D        | Reached ***** piety under Makhleb
   887 | D        | Killed a death yak
  1023 | D        | Noticed a black mamba
  1023 | D        | Noticed a black mamba
  1023 | D        | Noticed a four-headed hydra
  1025 | D        | Noticed a black mamba
  1026 | D        | Killed a black mamba
  1026 | D        | Killed a black mamba
  1027 | D        | Reached skill level 14 in Maces & Flails
  1027 | D        | Reached skill level 10 in Invocations
  1029 | D        | Noticed a six-headed hydra
  1030 | D        | Killed a four-headed hydra
  1030 | D        | Killed a black mamba
  1031 | D        | Reached XP level 11. HP: 69/76 MP: 17/19
  1048 | D        | Reached ****** piety under Makhleb
  1048 | D        | Killed a six-headed hydra
  1049 | D        | Reached skill level 15 in Maces & Flails
  1336 | D        | Noticed a lindwurm
  1336 | D        | Noticed a lindwurm
  1340 | D        | Noticed a lindwurm
  1346 | D        | Killed a lindwurm
  1347 | D        | Killed a lindwurm
  1348 | D        | Reached skill level 5 in Evocations
  1357 | D        | Killed a lindwurm
  1633 | D        | Noticed Maurice
  1642 | D        | Paralysed by something for 5 turns
  1655 | D        | Noticed Joseph
  1655 | D        | Killed Maurice
  1665 | D        | Killed Joseph
  1937 | D        | Noticed an orc knight
  1966 | D        | Killed an orc knight
  1971 | D        | Reached skill level 16 in Maces & Flails
  2111 | D        | Found Fes Guficw's Antique Armour Emporium.
  2111 | D        | Noticed an orc knight
  2111 | D        | Noticed an orc high priest
  2111 | D        | Noticed an orc high priest
  2111 | D        | Noticed an orc knight
  2111 | D        | Noticed an orc knight
  2231 | D        | Killed an orc knight
  2415 | D        | Killed an orc high priest
  2450 | D        | Killed an orc knight
  2465 | D        | Killed an orc high priest
  2466 | D        | Reached XP level 12. HP: 21/84 MP: 21/21
  2737 | D        | Noticed an orc high priest
  2752 | D        | Killed an orc high priest
  2787 | D        | Found Kuym's Weapon Shoppe.
  2794 | D        | Reached skill level 17 in Maces & Flails
  2965 | D        | Found Rajemietomp's Book Emporium.
  2969 | D        | Found Nomp's General Store.
  2973 | D        | Noticed an orc high priest
  2973 | D        | Noticed an orc high priest
  2974 | D        | Noticed an orc high priest
  2978 | D        | Killed an orc high priest
  2980 | D        | Killed an orc high priest
  2982 | D        | Killed an orc high priest
  3095 | D        | Bought a scroll of enchant weapon for 90 gold pieces
  3113 | D        | Bought the Almanac of Fire for 308 gold pieces
  3113 | D        | Bought a book of Power for 462 gold pieces
  3117 | D        | Bought a glowing ring mail for 175 gold pieces
  3141 | D        | Noticed Erolcha
  3150 | D        | Killed Erolcha
  3151 | D        | Reached skill level 15 in Fighting
  3308 | D        | Noticed a tengu warrior
  3308 | D        | Noticed an eight-headed hydra
  3315 | D        | Noticed a five-headed hydra
  3339 | D        | Killed a tengu warrior
  3342 | D        | Killed an eight-headed hydra
  3343 | D        | Reached skill level 15 in Armour
  3351 | D        | Noticed a tengu warrior
  3354 | D        | Noticed a green very ugly thing
  3356 | D        | Killed a five-headed hydra
  3357 | D        | Noticed a deep troll shaman
  3363 | D        | Noticed a fire dragon
  3368 | D        | Noticed a stone giant
  3380 | D        | Killed a green very ugly thing
  3381 | D        | Reached skill level 15 in Invocations
  3416 | D        | Reached skill level 18 in Maces & Flails
  3416 | D        | Reached XP level 13. HP: 23/93 MP: 24/24
  3421 | D        | Noticed an Executioner
  3462 | D        | Slain by an Executioner

Illustrated notes

Levels and vault maps discovered:
D:        linesprint [early_d, line_temple, items_1, d_10, items_2, lair_1,
          lair_end, items_3, orc_1, orc_end, items_4, d_15, swamp_1, shoals_1,
          snake_1, spider_1, d_20, vaults_1, items_5, swamp_end, shoals_end,
          snake_end, spider_end, vaults_end, d_27, items_6, zot_1, zot_end,
          crypt_end, forest_end, elf_end, slime_end, tomb_end, abyss_end,
          pan_hell_end]

Skill      XL: |  1  2  3  4  5  6  7  8  9 10 11 12 |
---------------+-------------------------------------+-----
Armour         | 5 6 7 8 9 10 11 12 13 15 | 15.4
Fighting       | 5 7 8 9 10 11 12 13 15 | 15.8
Maces & Flails | 3 4 5 7 8 10 12 14 16 18 | 18.0
Shields        | 5 7 9 10 11 12 13 | 13.8
Dodging        | 1 2 3 |  3.5
Invocations    | 3 4 6 8 10 13 15 | 15.1
Evocations     | 1 3 6 7 |  7.2
Stealth        | 1 |  1.2

Action                   |  1- 3 |  4- 6 |  7- 9 | 10-12 | 13-15 || total
-------------------------+-------+-------+-------+-------+-------++-------
Melee: Flail             |    32 |    17 |       |       |       ||    49
       Morningstar       |       |    12 |    60 |   331 |       ||   403
Invok: Major Destruction |       |       |       |       |     1 ||     1
       Greater Servant o |       |       |       |       |     1 ||     1
Evoke: Wand              |       |     1 |     2 |       |       ||     3
       Lightning rod     |       |       |     4 |    35 |       ||    39
  Use: Potion            |     2 |     1 |     1 |     6 |     1 ||    11
       Scroll            |       |       |       |     2 |     5 ||     7
Armor: Scale mail        |    23 |     7 |       |       |       ||    30
       Plate armour      |       |     5 |    70 |   236 |       ||   311
Dodge: Dodged            |    14 |    11 |    22 |    76 |       ||   123
Block: Buckler           |     8 |     9 |    20 |    76 |       ||   113

Table legend: (Time is in decaauts)
 A = Elapsed time spent in this place.
 B = Non-inter-level travel time spent in this place.
 C = Inter-level travel time spent in this place.
 D = Time resting spent in this place.
 E = Time spent auto-exploring this place.
 F = Levels seen in this place.
 G = Mean time per level.
                   A        B        C        D        E       F      G
               +--------+--------+--------+--------+--------+-----+--------+
         Total |   3397 |   3397 |      0 |   1654 |    534 |   1 | 3397.0 |
       Dungeon |   3397 |   3397 |      0 |   1654 |    534 |   1 | 3397.0 |
               +--------+--------+--------+--------+--------+-----+--------+

Top non-repeatable levels by time:
       D: 3397 daAuts
